 Dungeon Crawl Stone Soup version 0.32-a0-132-g2d33c3cfaf (webtiles) character file.

Game seed: 15585099612563235819

507 BubbleThief the Cleaver (level 7, -9/63 HPs)
             Began as a Hill Orc Fighter on Feb 9, 2024.
             Was an Initiate of Makhleb.
             Mangled by an ogre
             ... wielding a +0 giant club
              (33 damage)
             ... on level 4 of the Dungeon.
             The game lasted 00:04:20 (2589 turns).

BubbleThief the Cleaver (Hill Orc Fighter)          Turns: 2589, Time: 00:04:21

Health: -9/63      AC:  9    Str: 21    XL:     7   Next: 18%
Magic:  7/7        EV: 10    Int:  8    God:    Makhleb [......]
Gold:   152        SH:  4    Dex: 10    Spells: 6/6 levels left

rFire   + + .        a - +0 war axe
rCold   . . .        c - +0 buckler
rNeg    . . .        m - +4 ring mail {rF+}
rPois   .            (no helmet)
rElec   .            (no cloak)
rCorr   .            (no gloves)
SInv    .            (no boots)
Will    .....        (no amulet) Stlth
                     s - ring of protection from fire
HPRegen 0.30/turn    (no ring)
MPRegen 0.10/turn

%: no passive effects
@: no status effects
A: no striking features
a: Renounce Religion


You were on level 4 of the Dungeon.
You worshipped Makhleb.
Makhleb was noncommittal.
You visited 1 branch of the dungeon, and saw 4 of its levels.

You collected 152 gold pieces.

Inventory:

Hand Weapons
 a - a +0 war axe (weapon)
Armour
 b - a +0 scale mail
 c - a +0 buckler (worn)
 m - a +4 ring mail of fire resistance (worn)
Jewellery
 s - a ring of protection from fire (left hand)
Wands
 o - a wand of polymorph (9)
Scrolls
 e - a scroll of fear {unknown}
 f - 3 scrolls of identify {unknown}
 h - 2 scrolls of amnesia {unknown}
 i - a scroll of poison {unknown}
 k - 2 scrolls of teleportation {unknown}
 n - a scroll of fog {unknown}
 q - 3 scrolls of vulnerability {unknown}
 r - a scroll of blinking {unknown}
 t - a scroll of immolation {unknown}
 u - a scroll of silence {unknown}
 v - a scroll of noise {unknown}
Potions
 d - 2 potions of might
 g - 2 potions of attraction {unknown}
 j - 2 potions of resistance {unknown}
 l - a potion of haste {unknown}
 p - a potion of curing {unknown}


   Skills:
 + Level 6.2 Fighting
 * Level 8.3 Axes
 - Level 3.2 Armour
 - Level 3.2 Shields


You had 6 spell levels left.
You didn't know any spells.
Your spell library contained the following spells:

 Spells                   Type           Power      Damage    Failure   Level
 Tukima's Dance           Hex            0%         N/A       95%         3
 Dimensional Bullseye     Hex/Tloc       0%         N/A       100%        4
 Iskenderun's Mystic Bla  Conj/Tloc      0%         2d3       100%        4


Dungeon Overview and Level Annotations

Branches:
Dungeon (4/15)
 Temple: D:4-7

Altars:
Makhleb


Message History

An endoplasm is nearby!
The endoplasm quivers.
You hit the endoplasm but do no damage. The endoplasm hits you.
You hit the endoplasm but do no damage. The endoplasm freezes you.
You are frozen.
The endoplasm misses you.
You barely miss the endoplasm.
The endoplasm hits you but does no damage.
You hit the endoplasm.
The endoplasm is severely wounded.
The endoplasm freezes you.
You are frozen.
You slash the endoplasm!
You kill the endoplasm!
Makhleb accepts your kill.
No target in view!
Found a stone staircase leading down.
Found a flail.
An ogre comes into view. It is wielding a +0 giant club.
The ogre shouts!
An ogre is nearby!
Found an embroidered scarf.
An orc zombie comes into view.
You slash the ogre!
The ogre is heavily wounded.
The ogre hits you with a +0 giant club!
You barely miss the ogre.
The ogre is heavily wounded.
The ogre hits you with a +0 giant club!!
You are too injured to fight recklessly!
You are too injured to fight recklessly!
Unknown command.
You slash the ogre!
The ogre is almost dead.
Unknown command.
You hit the ogre.
The ogre is almost dead.
The ogre hits you with a +0 giant club!!
Ouch! That really hurt!
You die...

##..###<.....
....##.....##[.........
..........###.........
###).......##........
####))..............
##.).......##.....)#
.#..)......#.......###..
.#....#.........O.......
#.....#.........@...Z...
##....#..#...........$..
.#.......#####..........
........#####...........
##.......#.##...........
####.)..................
##...................#..
##................##...#
#...##...........## ...


You could see an ogre and an orc zombie.

Vanquished Creatures
  Blork the orc (D:4)
  A scorpion (D:2)
  An orc priest (D:4)
  Jessica (D:2)
  Natasha (D:2)
  4 iguanas (D:4)
  An orc wizard (D:4)
  8 gnolls
  3 adders
  A ribbon worm (D:3)
  A dart slug (D:1)
  6 orcs (D:4)
  6 endoplasms
  2 giant cockroaches
  7 goblins
  3 hobgoblins
  4 jackals (D:1)
  2 quokkas
  3 ball pythons
  A bat (D:2)
  6 kobolds
  2 rats (D:2)
65 creatures vanquished.

Notes
Turn   | Place    | Note
-------+----------+-------------------------------------------
     0 | D:1      | BubbleThief the Hill Orc Fighter began the quest for the
                  | Orb.
     0 | D:1      | Reached XP level 1. HP: 19/19 MP: 1/1
    62 | D:1      | Reached skill level 3 in Axes
    93 | D:1      | Reached XP level 2. HP: 27/27 MP: 2/2
   711 | D:2      | Noticed Jessica
   789 | D:2      | Reached skill level 4 in Axes
   789 | D:2      | Reached XP level 3. HP: 33/33 MP: 3/3
   863 | D:2      | Killed Jessica
   865 | D:2      | Reached XP level 4. HP: 35/41 MP: 4/4
  1011 | D:2      | Noticed a scorpion
  1025 | D:2      | Killed a scorpion
  1026 | D:2      | Reached skill level 5 in Axes
  1026 | D:2      | Reached XP level 5. HP: 47/47 MP: 5/5
  1122 | D:2      | Noticed Natasha
  1131 | D:2      | Killed Natasha
  1132 | D:2      | Reached skill level 5 in Fighting
  1132 | D:2      | Reached skill level 6 in Axes
  1758 | D:3      | Reached XP level 6. HP: 56/56 MP: 6/6
  1954 | D:3      | Found a burning altar of Makhleb.
  1975 | D:3      | Became a worshipper of Makhleb the Destroyer
  2013 | D:3      | Identified the +1 robe of the Will of the Gods {Str+4
                  | Slay-4 Stlth+}
  2122 | D:4      | Reached skill level 7 in Axes
  2329 | D:4      | Noticed Blork the orc
  2346 | D:4      | Killed Blork the orc
  2347 | D:4      | Reached skill level 8 in Axes
  2347 | D:4      | Reached XP level 7. HP: 28/63 MP: 7/7
  2589 | D:4      | Mangled by an ogre

Illustrated notes

Levels and vault maps discovered:
D:1:      mrwooster_arrival_statue_3, layout_loops_ring,
          minmay_misc_feat_hallway, solitary_fountain,
          kennysheep_decorative_pillar
D:2:      layout_loops_ring, uniq_jessica, uniq_natasha
D:3:      layout_basic, bloody_makhleb
D:4:      layout_cave_pools, nicolae_tso_besieged_by_evil,
          biasface_ghost_orc_armoury, uniq_blork_the_orc

Skill      XL: |  1  2  3  4  5  6 |
---------------+-------------------+-----
Axes           | 3 4 5 6 8 |  8.3
Fighting       | 4 5 6 |  6.2
Armour         | |  3.2
Shields        | |  3.2

Action                     |  1- 3 |  4- 6 |  7- 9 || total
---------------------------+-------+-------+-------++-------
  Melee: War axe           |    43 |   118 |    23 ||   184
         Unarmed           |     4 |    10 |       ||    14
  Evoke: Wand              |       |     1 |       ||     1
 Armour: Scale mail        |    17 |       |       ||    17
         Ring mail         |    13 |    75 |    10 ||    98
         Skin              |     2 |     1 |       ||     3
  Dodge: Dodged            |    17 |    65 |     7 ||    89
  Block: Buckler           |    12 |    18 |     1 ||    31

Table legend: (Time is in decaauts)
 A = Elapsed time spent in this place.
 B = Non-inter-level travel time spent in this place.
 C = Inter-level travel time spent in this place.
 D = Time resting spent in this place.
 E = Time spent auto-exploring this place.
 F = Levels seen in this place.
 G = Mean time per level.
                   A        B        C        D        E       F      G
               +--------+--------+--------+--------+--------+-----+--------+
         Total |   2635 |   2521 |    114 |     10 |   2006 |   4 |  658.8 |
       Dungeon |   2635 |   2521 |    114 |     10 |   2006 |   4 |  658.8 |
               +--------+--------+--------+--------+--------+-----+--------+

Top non-repeatable levels by time:
     D:1: 776 daAuts
     D:2: 720 daAuts
     D:3: 646 daAuts
     D:4: 491 daAuts
